 Dungeon Crawl Stone Soup version 0.21-a0-2-ge494091 (webtiles) character file.

39 Llamajah the Chopper (level 3, -1/28 HPs)
             Began as a Demonspawn Gladiator on May 23, 2017.
             Slain by an adder (2 damage)
             ... on level 2 of the Dungeon.
             The game lasted 00:03:02 (580 turns).

Llamajah the Chopper (Demonspawn Gladiator)          Turns: 580, Time: 00:03:03

Health: -1/28      AC:  4    Str: 14    XL:     3   Next: 28%
Magic:  3/3        EV: 13    Int:  9    God:
Gold:   63         SH:  0    Dex: 15    Spells: 2/2 levels left

rFire    . . .     SeeInvis .   a - +0 war axe
rCold    . . .     Gourm    .   (no shield)
rNeg     . . .     Faith    .   b - +0 leather armour
rPois    .         Spirit   .   c - +0 helmet
rElec    .         Reflect  .   h - scarf {repulsion}
rCorr    .         Harm     .   (no gloves)
MR       .....                  (no boots)
Stlth    +.........             (no amulet)
Regen    0.1/turn               (no ring)
MPRegen  0.1/turn               (no ring)

@: lethally poisoned (-1 -> -4), repel missiles
A: powered by pain 1
a: no special abilities


You were on level 2 of the Dungeon.
You were not hungry.

You visited 1 branch of the dungeon, and saw 2 of its levels.

You collected 63 gold pieces.

Inventory:

Hand Weapons
 a - a +0 war axe (weapon)
Missiles
 d - 3 throwing nets (quivered)
Armour
 b - a +0 leather armour (worn)
 c - a +0 helmet (worn)
 e - a +0 chain mail
 h - a scarf of repulsion (worn)
Scrolls
 g - 2 scrolls of identify {unknown}
 k - a scroll of enchant armour {unknown}
 n - 2 scrolls of teleportation {unknown}
Potions
 j - 3 potions of curing {unknown}
 m - a potion of brilliance {unknown}
 o - a potion of resistance {unknown}
Comestibles
 f - a bread ration
 i - a meat ration
 l - 6 chunks of flesh


   Skills:
 * Level 2.6 Fighting
 + Level 3.1 Axes
 + Level 1.9 Throwing
 + Level 0.5 Armour
 + Level 3.0 Dodging


You had 2 spell levels left.
You didn't know any spells.

Dungeon Overview and Level Annotations

Branches:
Dungeon (2/15)

Altars:


Innate Abilities, Weirdness & Mutations

You sometimes gain a little power by taking damage.


Message History

You barely miss the adder. The adder bites you.
* * * LOW HITPOINT WARNING * * *
You are poisoned.
The adder poisons you! The adder closely misses you.
You hit the adder but do no damage.
You feel sick. The adder misses you.
You barely miss the adder.
You feel sick. The adder bites you.
* * * LOW HITPOINT WARNING * * *
The adder barely misses you.
You barely miss the adder. The adder closely misses you. The adder bites you.
* * * LOW HITPOINT WARNING * * *
You barely miss the adder.
* * * LOW HITPOINT WARNING * * *
You feel sick. The adder bites you.
* * * LOW HITPOINT WARNING * * *
The adder bites you but does no damage.
You barely miss the adder. The adder bites you but does no damage.
You hit the adder.
The adder is moderately wounded.
The adder bites you.
You die...

##..'..........#
#####......###.##########
...........'....).......>
...........###.....#####.
.###.......# #####.#
...........# ...#.#
)..........#.###.#.#
###.##.##.##.......#
..#.... #.######@###
≈.#### #+######S## ≈...#
....g.gJK##.# .≈#.#
.K..........# ......
.......†....... ≈.##.#.
.#######....... ≈....# #
....... ≈..###.# .......
.......## .......


You could see an ooze, an adder, a goblin and a kobold.

Vanquished Creatures
  An adder (D:2)
  2 bats (D:1)
  6 giant cockroaches
  5 goblins
  3 hobgoblins (D:2)
  4 frilled lizards
  4 kobolds
  3 rats (D:1)
28 creatures vanquished.

Notes
Turn   | Place    | Note
-------+----------+-------------------------------------------
     0 | D:1      | Llamajah the Demonspawn Gladiator began the quest for the Orb.
     0 | D:1      | Reached XP level 1. HP: 16/16 MP: 1/1
    70 | D:1      | Gained mutation: You sometimes gain a little power by taking damage. [demonic ancestry]
    70 | D:1      | Reached XP level 2. HP: 22/22 MP: 2/2
   415 | D:2      | Found a faded altar of an unknown god.
   483 | D:2      | Reached XP level 3. HP: 20/28 MP: 3/3
   578 | D:2      | HP: 1/28 [adder (1)]
   580 | D:2      | Slain by an adder

Vault maps used:
D:1:      dpeg_arrival_rooms_c
D:2:      chequers_ecumenical_altar_island

Skill      XL: |  1  2 |
---------------+-------+-----
Axes           | 3 |  3.1
Dodging        | 3 |  3.0
Fighting       | |  2.6
Throwing       | |  1.9
Armour         | |  0.5

Action                   || total
-------------------------++-------
Melee: War axe           ||    81
 Stab: Sleeping          ||     1
Armor: Leather armour    ||    22
Dodge: Dodged            ||    67
